 Dungeon Crawl Stone Soup version 0.31.0-12-g77e489cdc1 (webtiles) character file.

Game seed: 4509405817082912835

212542 slowpoke the Metamorph (level 18, -3/198 HPs)
             Began as an Octopode Shapeshifter on Feb 25, 2024.
             Was the Champion of Cheibriados.
             Killed by the raging water
             ... invoked by a water nymph
              (38 damage)
             ... on level 3 of the Shoals.
             The game lasted 02:08:59 (51522 turns).

slowpoke the Metamorph (Octopode Shapeshifter)     Turns: 51522, Time: 02:08:59

Health: -3/198     AC: 14    Str: 45    XL:     18   Next: 93%
Magic:  16/25      EV: 23    Int: 40    God:    Cheibriados [******]
Gold:   518        SH:  0    Dex: 27    Spells: 10/27 levels left

rFire   + .          .
                       - Unarmed
rCold   + . .        C - melded +1 buckler
rNeg    . . .        B - melded +2 hat
rPois   +            u - amulet of magic regeneration
rElec   .            i - ring of protection from cold
rCorr   .            g - ring of ice
SInv    .            M - ring of willpower
Will    ++...        R - ring of poison resistance
Stlth   +++++        X - +5 ring of evasion
HPRegen 0.53/turn    w - +6 ring of intelligence
MPRegen 0.59/turn    c - +6 ring of intelligence
                     (no ring)

%: no passive effects
@: dragon-form, flying, very slow
A: dragon claw, dragon scales, breathe fire, flying, boosted hp, almost no
armour, amphibious, 8 rings, giant, (camouflage 1), (gelatinous body 1), (nimble
swimmer 1), (tentacles)
}: 1/15 runes: serpentine
a: Breathe Fire, Begin Untransformation, Renounce Religion, Bend Time, Temporal
Distortion, Slouch, Step From Time


You were on level 3 of the Shoals.
You worshipped Cheibriados.
Cheibriados was exalted by your worship.
You were a fearsome dragon!
You visited 5 branches of the dungeon, and saw 30 of its levels.
You also visited: Sewer, Ossuary and Volcano.

You collected 3333 gold pieces.
You spent 2815 gold pieces at shops.

Inventory:

Missiles
 y - 7 curare-tipped darts
Armour
 B - a +2 hat (melded)
 C - a +1 buckler (melded)
Jewellery
 c - a +6 ring of intelligence (on tentacle)
 g - a ring of ice (right foreclaw)
 i - a ring of protection from cold (left foreclaw)
 q - a ring of protection from fire
 u - an amulet of magic regeneration (around neck)
 w - a +6 ring of intelligence (on tentacle)
 M - a ring of willpower (on tentacle)
 R - a ring of poison resistance (on tentacle)
 X - a +5 ring of evasion (on tentacle)
Talismans
 e - a dragon-blood talisman (active)
Wands
 z - a wand of flame (11)
 J - a wand of iceblast (6)
 N - a wand of digging (14)
 O - a wand of polymorph (12)
 S - a wand of mindburst (5)
 T - a wand of paralysis (10)
 U - a wand of quicksilver (10)
Scrolls
 j - 2 scrolls of poison
 k - a scroll of immolation
 o - 4 scrolls of amnesia
 p - 3 scrolls of revelation
 r - a scroll of fear
 v - 7 scrolls of vulnerability
 x - 3 scrolls of blinking
 A - 4 scrolls of butterflies
 F - 4 scrolls of enchant armour
 G - 16 scrolls of teleportation
 I - a scroll of silence
 P - 3 scrolls of fog
 Q - a scroll of torment
 V - 4 scrolls of identify
Potions
 a - 2 potions of mutation
 b - a potion of heal wounds
 d - 5 potions of might
 f - 9 potions of attraction
 h - 7 potions of brilliance
 l - 3 potions of cancellation
 m - 2 potions of degeneration
 s - 2 potions of curing
 t - 3 potions of magic
 D - 10 potions of enlightenment
 H - 4 potions of invisibility
 L - 2 potions of berserk rage
 W - 4 potions of resistance
 Y - 4 potions of haste
Miscellaneous
 n - a phantom mirror
 E - a condenser vane
 K - a lightning rod (4/4)
 Z - a phial of floods (quivered)


   Skills:
 * Level 14.4 Fighting
 - Level 12.0 Dodging
 - Level 9.0 Stealth
 - Level 4.0 Shields
 - Level 12.0 Unarmed Combat
 - Level 5.0 Spellcasting
 - Level 6.1 Translocations
 - Level 7.1 Ice Magic
 - Level 8.0 Invocations
 - Level 20.0 Shapeshifting


You had 10 spell levels left.
You knew the following spells:

 Your Spells              Type           Power      Damage    Failure   Level
a - Frozen Ramparts       Ice            100%       1d16      1%          3
b - Ozocubu's Armour      Ice            79%        N/A       1%          3
c - Mephitic Cloud        Conj/Alch/Air  10%        N/A       9%          3
d - Stone Arrow           Conj/Erth      20%        3d8       9%          3
e - Lesser Beckoning      Tloc           100%       N/A       1%          2
f - Blink                 Tloc           100%       N/A       1%          2
g - Apportation           Tloc           100%       N/A       1%          1

Your spell library contained the following spells:

 Spells                   Type           Power      Damage    Failure   Level
 Freeze                   Ice            100%       1d10      1%          1
 Momentum Strike          Conj/Tloc      68%        3d9       1%          2
 Hailstorm                Conj/Ice       55%        3d11      1%          3
 Summon Ice Beast         Ice/Summ       55%        N/A       1%          3
 Shock                    Conj/Air       40%        1d5       3%          1
 Jinxbite                 Hex            20%        N/A       4%          2
 Mercury Vapours          Alch/Air       20%        N/A       4%          2
 Static Discharge         Conj/Air       20%        3-4/arc   4%          2
 Swiftness                Air            10%        N/A       9%          3
 Metabolic Englaciation   Hex/Ice        27%        N/A       19%         5
 Airstrike                Air            5%         2d(1-17)  28%         4
 Summon Lightning Spire   Summ/Air       10%        N/A       28%         4
 Freezing Cloud           Conj/Ice/Air   21%        6-21      30%         5
 Alistair's Intoxication  Alch           6%         N/A       63%         5
 Lee's Rapid Deconstruct  Erth           5%         3d6*      63%         5
 Sculpt Simulacrum        Ice/Alch       27%        N/A       71%         6
 Lehudib's Crystal Spear  Conj/Erth      5%         10d3      100%        8
 Animate Armour           Summ/Erth      Unusable   N/A       N/A         4

Dungeon Overview and Level Annotations

Branches:
Dungeon (15/15) Temple (0/1) D:7 Lair (5/5) D:8 Shoals (4/4) Lair:3 Snake (4/4) Lair:3 Slime (0/5) Lair:5 Orc (2/2) D:9 Elf (0/3) Orc:2 Vaults (0/5) D:12 D:13 Depths (0/4) D:15 Sewer (visited) Ossuary (visited) Volcano (visited)

Altars:
Cheibriados
Elyvilon
Hepliaklqana
Makhleb
Nemelex Xobeh
Ru
Sif Muna
Trog
Vehumet
Wu Jian
Zin
The Shining One
Jiyva

Shops:
Orc:2 [?*[=   Shoals:3 (   Snake:2 !   Snake:4 =:=

Annotations:
D:2 exclusion: downstairs
D:7 2 exclusions
D:8 4 exclusions
D:12 exclusion: downstairs
D:13 exclusion: door
Lair:4 exclusion: 2 downstairs
Lair:5 2 runed translucent doors
Shoals:3 exclusion: kraken
Snake:1 Roxanne
Snake:2 exclusion: downstairs


Innate Abilities, Weirdness & Mutations

You are a fearsome dragon!
You have a powerful clawing attack.
Your giant scaled body is strong and resilient, but less evasive.
You can breathe fire.
You are flying.
Your maximum health is greatly increased.
Your armour is entirely melded.
You are incapable of wielding weapons or throwing items.
You cannot wear most types of armour.
You are amphibious.
You can wear up to eight rings at the same time.
((Your skin changes colour to match your surroundings (Stealth+).))
((Your rubbery body absorbs attacks. (AC +1, EV +1)))
((You are camouflaged when in or above water. (Stealth+)))
((You have tentacles for arms and can constrict up to eight enemies at once.))


Message History

You are too injured to fight recklessly!
You are too injured to fight recklessly!
You are too injured to fight recklessly!
You bite the alligator snapping turtle!!
You claw the alligator snapping turtle!
You bite the alligator snapping turtle, but do no damage.
The alligator snapping turtle is almost dead.
The harpy misses you. The harpy closely misses you. The harpy claws you!
The harpy claws you.
The merfolk siren chants a haunting song.
You resist with some effort.
The alligator snapping turtle bites you but does no damage.
The water nymph completely misses you.
Activating: Slouch (3% risk of failure)
Press: ? - help, Dir - look around, f - activate You can feel time thicken for a moment.
You kill the harpy!
Cheibriados thoroughly appreciates the change of pace.
You kill the harpy!
Cheibriados thoroughly appreciates the change of pace.
You kill the harpy!
Cheibriados thoroughly appreciates the change of pace.
You kill the harpy!
Cheibriados thoroughly appreciates the change of pace.
You kill the harpy!
Cheibriados thoroughly appreciates the change of pace.
The merfolk siren hits you from afar with a +0 spear!
The alligator snapping turtle completely misses you.
The water nymph casts a spell at you. The water rises up and strikes you!!
* * * LOW HITPOINT WARNING * * *
Activating: Slouch (4% risk of failure)
Press: ? - help, Dir - look around, f - activate You can feel time thicken for a moment.
You kill the alligator snapping turtle!
The merfolk siren hits you from afar with a +0 spear!
* * * LOW HITPOINT WARNING * * *
The water nymph gestures at you while chanting.
The water rises up and strikes you!!!
You die...

≈≈≈≈~~~~~~~~~≈≈~~~~...~......~~~~
≈≈~~~~~.∩~~~~≈≈~.~~.###..##......
≈≈~~~~~...~~~≈~~..~.###..H..(...~
~~~~~~....~~~≈~~~~....~.........~
~~~~~~~..~~~~≈~~~~...~≈≈..~...~..
~~~~~~....~~~≈~~~~...~≈~H~~$..~..
~~~>.....~~~~≈~~~~~....~~~....~~~
~~~......~~~~~≈~~~~.# H......~
~~~.....~~~~~~≈≈D≈c.# .....~≈
~~~~....~~~~~~≈~~mc..c.. .#..~~
.~~~....~~.~~~≈~~~m~~.~~~ #....
.~~~~~~~~~~~~~≈~~~~~..~~ ...~
.~~~~############################
.~~~~#...#.................~~~~~~
~~~~~~.#...#..8....8.".8...8~~~~~
~)~~†#...#.......).........~~~~~~
~(~~~~.#...#..8..).8...8...8~~_~~


You could see 3 fauns, a merfolk siren and a water nymph.

Vanquished Creatures
  Bai Suzhen (Snake:3)
  Vashnia (Snake:4)
  Nikola (Snake:1)
  Jorgrun (Lair:3)
  Agnes (Snake:4)
  Frances (Snake:1)
  4 nagarajas
  An emperor scorpion (D:15)
  An orc warlord (Orc:1)
  A dire elephant (D:15)
  A merfolk impaler (Shoals:1)
  A fire dragon (Volcano)
  4 salamander tyrants
  A rakshasa (D:13)
  A death knight (D:13)
  3 merfolk avatars (Shoals:2)
  4 hydras
  9 anacondas
  7 centaur warriors
  A boulder beetle (D:13)
  2 alligator snapping turtles
  2 merfolk aquamancers
  5 two-headed ogres
  17 naga warriors
  7 shock serpents
  Urug (D:13)
  12 death yaks
  19 naga sharpshooters
  3 orc high priests (Orc:2)
  6 deep elf knights (D:12)
  4 skysharks
  3 skeletal warriors (D:15)
  A death drake (shapeshifter) (D:12)
  6 mana vipers
  5 salamander mystics
  An arcanist (D:13)
  6 sea snakes
  6 orc knights
  7 naga ritualists
  19 harpies
  6 lindwurms
  4 deep elf pyromancers
  A wolf spider (D:14)
  4 cyclopes
  2 deep elf zephyrmancers (D:12)
  18 salamanders
  4 manticores
  6 fauns (Shoals:3)
  6 orc sorcerers
  5 ugly things
  6 merfolk sirens
  37 black mambas
  Joseph (Lair:1)
  A torpor snail (Lair:4)
  2 smoke demons (Volcano)
  2 molten gargoyles (Lair:5)
  4 water nymphs
  17 naga magi
  A water nymph (shapeshifter) (D:12)
  17 elephants
  7 guardian serpents
  4 kobold blastminers
  An eye of devastation (shapeshifter) (D:12)
  A gargoyle (D:12)
  12 cane toads
  A torpor snail (shapeshifter) (D:12)
  12 komodo dragons
  2 unseen horrors
  2 rime drakes
  A kobold demonologist (D:11)
  Psyche (D:8)
  5 yaktaurs
  3 polar bears
  19 merfolk
  7 trolls
  A wolf spider simulacrum (D:14)
  5 snapping turtles
  8 slime creatures
  14 blink frogs
  3 vampires
  8 spriggans
  11 water elementals
  2 wraiths
  3 shadows
  9 wyverns
  46 yaks
  Grum (D:8)
  12 basilisks
  16 humans
  3 wargs (Orc:1)
  6 fire elementals (D:12)
  3 steam dragons
  8 vampire mosquitoes
  An acid dragon (D:12)
  65 nagas
  6 hell hounds
  14 water moccasins
  5 ice beasts
  13 orc warriors
  A sky beast (D:7)
  4 black bears
  2 laughing skulls (D:15)
  30 wolves
  4 ogres
  A wolf (shapeshifter) (D:15)
  17 centaurs
  A phantom (D:5)
  12 kobold brigands
  12 bullfrogs
  A gnoll sergeant (D:10)
  2 scorpions (D:5)
  13 wights
  19 killer bees
  4 howler monkeys
  2 electric eels (D:14)
  5 lava snakes (Lair:5)
  3 bombardier beetles
  A bullfrog zombie (Ossuary)
  6 iguanas
  12 orc priests
  2 hounds (D:6)
  5 jellies
  2 sleepcaps
  4 gnoll boudas
  Jessica (D:2)
  14 orc wizards
  A killer bee zombie (Ossuary)
  3 crocodile zombies (Ossuary)
  4 hound zombies (Ossuary)
  12 mummies
  4 howler monkey zombies (Ossuary)
  Robin (D:3)
  15 gnolls
  14 adders
  A river rat (Sewer)
  2 shadow imps
  3 dart slugs
  5 ribbon worms
  31 orcs
  10 ball pythons
  3 bats (D:1)
  12 endoplasms
  4 giant cockroaches (D:4)
  21 goblins
  7 hobgoblins
  14 jackals
  33 kobolds
  8 quokkas
  A ball python (shapeshifter) (D:15)
  4 ball python zombies (Ossuary)
  4 frilled lizards
  7 rats
1066 creatures vanquished.

Vanquished Creatures (collateral kills)
  A naga sharpshooter (Snake:4)
1 creature vanquished.

Vanquished Creatures (others)
  A naga mage (Snake:3)
  A water elemental (D:14)
  A naga (Snake:4)
  An orc (Orc:2)
4 creatures vanquished.

Grand Total: 1071 creatures vanquished

Notes
Turn   | Place    | Note
-------+----------+-------------------------------------------
     0 | D:1      | slowpoke the Octopode Shapeshifter began the quest for the
                  | Orb.
     0 | D:1      | Reached XP level 1. HP: 13/13 MP: 1/1
   285 | D:1      | Reached XP level 2. HP: 19/19 MP: 2/2
   477 | D:1      | Reached XP level 3. HP: 18/25 MP: 3/3
   876 | D:2      | Found a faded altar of an unknown god.
  1276 | D:2      | Noticed Jessica
  1281 | D:2      | Killed Jessica
  1282 | D:2      | Reached XP level 4. HP: 22/33 MP: 4/4
  1495 | D:3      | Noticed a black bear
  1506 | D:3      | Killed a black bear
  1507 | D:3      | Reached XP level 5. HP: 37/37 MP: 5/5
  1549 | D:3      | Found a glowing silver altar of Zin.
  1941 | D:3      | Reached skill level 5 in Unarmed Combat
  1941 | D:3      | Reached XP level 6. HP: 43/43 MP: 6/6
  1949 | D:3      | Noticed Robin
  2338 | D:3      | Killed Robin
  2556 | D:4      | Noticed a black bear
  2565 | D:4      | Killed a black bear
  2583 | D:4      | Reached XP level 7. HP: 18/48 MP: 7/7
  2684 | D:4      | Reached skill level 4 in Shapeshifting
  2759 | D:4      | Found a glowing drain.
  2773 | Sewer    | Entered a sewer
  3045 | Sewer    | Reached skill level 5 in Shapeshifting
  3281 | Sewer    | Reached skill level 6 in Shapeshifting
  3281 | Sewer    | Reached XP level 8. HP: 50/54 MP: 8/8
  3887 | D:4      | Reached skill level 7 in Shapeshifting
  4415 | D:4      | Found a sparkling altar of Nemelex Xobeh.
  4557 | D:5      | Entered Level 5 of the Dungeon
  4623 | D:5      | Found a shimmering blue altar of Sif Muna.
  4630 | D:5      | Found an ornate altar of the Wu Jian Council.
  4632 | D:5      | Found a burning altar of Makhleb.
  4632 | D:5      | Found a radiant altar of Vehumet.
  4637 | D:5      | Found a sacrificial altar of Ru.
  4639 | D:5      | Found a hazy altar of Hepliaklqana.
  4666 | D:5      | Found a sand-covered staircase.
  4674 | Ossuary  | Entered an ossuary
  4938 | Ossuary  | Reached skill level 8 in Shapeshifting
  5276 | Ossuary  | Reached XP level 9. HP: 58/58 MP: 9/9
  5370 | D:5      | Reached skill level 9 in Shapeshifting
  5706 | D:5      | Found a bloodstained altar of Trog.
  6240 | D:6      | Reached skill level 10 in Shapeshifting
  6585 | D:6      | Reached skill level 5 in Fighting
  6988 | D:6      | Found a snail-covered altar of Cheibriados.
  7001 | D:6      | Became a worshipper of Cheibriados the Contemplative
  7216 | D:7      | Found a staircase to the Ecumenical Temple.
  7649 | D:7      | Reached * piety under Cheibriados
  7843 | D:7      | Noticed a two-headed ogre
  7863 | D:7      | Killed a two-headed ogre
  7864 | D:7      | Reached skill level 1 in Shields
  7864 | D:7      | Reached XP level 10. HP: 10/72 MP: 1/10
  8163 | D:7      | Noticed a green ugly thing
  9266 | D:8      | Noticed Psyche
  9266 | D:8      | Noticed Grum
  9279 | D:8      | Killed Grum
  9300 | D:8      | Reached ** piety under Cheibriados
  9311 | D:8      | Killed Psyche
  9424 | D:8      | Reached skill level 5 in Dodging
  9630 | D:8      | Noticed a two-headed ogre
  9680 | D:8      | Found a staircase to the Lair.
 10344 | D:8      | Killed a two-headed ogre
 10345 | D:8      | Reached XP level 11. HP: 60/80 MP: 7/11
 10436 | Lair:1   | Entered Level 1 of the Lair of Beasts
 10563 | Lair:1   | HP: 4/80 [poisoned by a cane toad]
 10568 | Lair:1   | HP: 2/80 [poisoned by a cane toad]
 10967 | D:10     | Entered Level 10 of the Dungeon
 11147 | D:8      | Reached *** piety under Cheibriados
 11858 | D:9      | Reached **** piety under Cheibriados
 12043 | D:9      | Found a staircase to the Orcish Mines.
 12543 | D:10     | Reached skill level 10 in Unarmed Combat
 12670 | D:10     | Learned a level 3 spell: Frozen Ramparts
 12993 | D:10     | Reached skill level 1 in Invocations
 13956 | D:12     | Reached ***** piety under Cheibriados
 13969 | D:12     | Noticed a deep elf pyromancer
 14185 | Lair:1   | Reached skill level 1 in Ice Magic
 14359 | Lair:1   | Noticed Joseph
 14536 | Lair:1   | Killed Joseph
 14537 | Lair:1   | Reached XP level 12. HP: 60/85 MP: 9/15
 15165 | Lair:2   | Reached skill level 5 in Ice Magic
 15722 | Lair:2   | Learned a level 3 spell: Ozocubu's Armour
 15786 | Lair:2   | Noticed a death yak
 16198 | Lair:2   | Reached skill level 10 in Fighting
 16324 | Lair:3   | Found a dark tunnel.
 16336 | Volcano  | Entered a volcano
 16560 | Volcano  | Reached skill level 5 in Invocations
 16740 | Volcano  | Reached ****** piety under Cheibriados
 17113 | Volcano  | Noticed a fire dragon
 17125 | Volcano  | Killed a fire dragon
 17126 | Volcano  | Reached XP level 13. HP: 59/93 MP: 9/18
 17510 | Lair:3   | Found a staircase to the Shoals.
 17608 | Lair:3   | Found a staircase to the Snake Pit.
 18621 | Lair:4   | Reached skill level 10 in Dodging
 18987 | Lair:4   | Identified the +5 whip of Mixaugh {heavy, Int+2}
 19093 | Lair:4   | Identified the +3 robe of Going Fast {*Slow rCorr Str+4
                  | Stlth+}
 19477 | Lair:5   | Entered Level 5 of the Lair of Beasts
 21464 | D:12     | Reached XP level 14. HP: 97/99 MP: 18/20
 21491 | D:12     | Found Papru's Distillery.
 21494 | D:12     | Bought a potion of enlightenment for 70 gold pieces
 21494 | D:12     | Bought a potion of resistance for 140 gold pieces
 21494 | D:12     | Bought a potion of curing for 42 gold pieces
 21494 | D:12     | Bought a potion of curing for 42 gold pieces
 21494 | D:12     | Bought a potion of berserk rage for 70 gold pieces
 21494 | D:12     | Bought a potion of resistance for 140 gold pieces
 21494 | D:12     | Bought a potion of curing for 42 gold pieces
 21494 | D:12     | Bought a potion of brilliance for 56 gold pieces
 21494 | D:12     | Bought a potion of heal wounds for 70 gold pieces
 21494 | D:12     | Bought a potion of magic for 112 gold pieces
 21862 | D:13     | Noticed Urug
 22010 | D:13     | Found a gate to the Vaults.
 23997 | D:13     | Killed Urug
 23998 | D:13     | Reached skill level 1 in Spellcasting
 24916 | D:13     | Reached skill level 5 in Spellcasting
 25912 | D:14     | Reached skill level 5 in Stealth
 26345 | D:14     | Found a glowing golden altar of the Shining One.
 26881 | D:15     | Entered Level 15 of the Dungeon
 26887 | D:14     | Reached XP level 15. HP: 99/108 MP: 18/22
 28006 | D:15     | Noticed an emperor scorpion
 28062 | D:15     | Killed an emperor scorpion
 28255 | D:15     | Reached skill level 11 in Shapeshifting
 28608 | D:15     | Found a staircase to the Depths.
 28939 | Orc:1    | Entered Level 1 of the Orcish Mines
 29018 | Orc:1    | Noticed an orc warlord
 29034 | Orc:1    | Killed an orc warlord
 29426 | Orc:2    | Entered Level 2 of the Orcish Mines
 29439 | Orc:2    | Found a staircase to the Elven Halls.
 29654 | Orc:2    | Reached skill level 12 in Shapeshifting
 30100 | Orc:2    | Found Qixzo's Antique Armour Shop.
 30859 | Orc:2    | Found Ratud's Jewellery Boutique.
 30859 | Orc:2    | Found Saetz's Antique Armour Boutique.
 30860 | Orc:2    | Found Quta Kauleps's Assorted Antiques.
 30860 | Orc:2    | Found Wiystrano's Magic Scroll Emporium.
 30871 | Orc:2    | Bought a scroll of identify for 32 gold pieces
 30871 | Orc:2    | Bought a scroll of identify for 32 gold pieces
 30871 | Orc:2    | Bought a scroll of identify for 32 gold pieces
 30886 | Orc:2    | Bought a scroll of teleportation for 93 gold pieces
 30888 | Orc:2    | Bought a dragon-blood talisman for 840 gold pieces
 31179 | Orc:2    | Bought a scroll of vulnerability for 64 gold pieces
 31179 | Orc:2    | Bought a scroll of teleportation for 48 gold pieces
 31179 | Orc:2    | Bought a scroll of teleportation for 48 gold pieces
 31179 | Orc:2    | Bought a scroll of blinking for 120 gold pieces
 31179 | Orc:2    | Bought a scroll of noise for 16 gold pieces
 31179 | Orc:2    | Bought a scroll of noise for 16 gold pieces
 31736 | Lair:5   | Reached skill level 13 in Shapeshifting
 31952 | Lair:5   | Found a large runed translucent door.
 31953 | Lair:5   | Found a large runed translucent door.
 32217 | Lair:5   | Reached XP level 16. HP: 114/114 MP: 19/23
 32348 | Lair:5   | Reached skill level 14 in Shapeshifting
 32734 | Lair:5   | Found a staircase to the Slime Pits.
 32734 | Lair:5   | Found a viscous altar of Jiyva.
 33254 | Snake:1  | Entered Level 1 of the Snake Pit
 33430 | Snake:2  | Found Huduky's Distillery.
 33445 | Snake:2  | Bought a potion of heal wounds for 60 gold pieces
 33445 | Snake:2  | Bought 2 potions of might for 96 gold pieces
 33445 | Snake:2  | Bought a potion of brilliance for 48 gold pieces
 33445 | Snake:2  | Bought a potion of brilliance for 48 gold pieces
 33445 | Snake:2  | Bought a potion of enlightenment for 60 gold pieces
 33475 | Snake:1  | Reached skill level 15 in Shapeshifting
 34413 | Snake:1  | Noticed Frances
 34421 | Snake:1  | Killed Frances
 34532 | Snake:1  | Noticed Roxanne
 35011 | Snake:1  | Identified the +3 pair of gloves of Hanteclu {rN+ MP+9}
 35011 | Snake:1  | Noticed Nikola
 35026 | Snake:1  | Killed Nikola
 35027 | Snake:1  | Reached skill level 16 in Shapeshifting
 36021 | Snake:1  | Learned a level 3 spell: Mephitic Cloud
 36025 | Snake:1  | Learned a level 3 spell: Stone Arrow
 37366 | Snake:2  | Reached skill level 17 in Shapeshifting
 37366 | Snake:2  | Reached XP level 17. HP: 119/119 MP: 24/24
 39352 | Snake:3  | Identified the +8 scimitar "Impbane" {drain, rN++ Stlth+}
 40003 | Snake:3  | Reached skill level 18 in Shapeshifting
 40868 | Snake:4  | Entered Level 4 of the Snake Pit
 40978 | Snake:4  | Noticed Vashnia
 40989 | Snake:3  | HP: 7/178 [poisoned by a naga mage (bolt of poison)]
 40994 | Snake:3  | HP: 5/178 [poisoned by a naga mage (bolt of poison)]
 40999 | Snake:3  | HP: 4/178 [poisoned by a naga mage (bolt of poison)]
 41576 | Snake:4  | Noticed Bai Suzhen
 41638 | Snake:3  | Killed Bai Suzhen
 43192 | Snake:4  | Reached skill level 19 in Shapeshifting
 45838 | Snake:4  | Killed Vashnia
 45839 | Snake:4  | Reached XP level 18. HP: 124/126 MP: 25/25
 46057 | Snake:4  | Noticed Agnes
 46064 | Snake:4  | Killed Agnes
 46424 | Snake:4  | Found Iniphead's Jewellery Emporium.
 46425 | Snake:4  | Found Dapnuuh's Book Shop.
 46426 | Snake:4  | Found Zuip's Jewellery Emporium.
 46442 | Snake:4  | Bought a book of Spatial Translocations for 378 gold pieces
 46568 | Snake:4  | Reached skill level 20 in Shapeshifting
 46760 | Snake:4  | Learned a level 2 spell: Lesser Beckoning
 46768 | Snake:4  | Reached skill level 1 in Translocations
 47388 | Snake:4  | Got a serpentine rune of Zot
 47778 | Shoals:1 | Entered Level 1 of the Shoals
 47788 | Shoals:1 | Learned a level 2 spell: Blink
 47790 | Shoals:1 | Learned a level 1 spell: Apportation
 47825 | Shoals:1 | Noticed Jorgrun
 48172 | Lair:2   | Reached skill level 5 in Translocations
 48598 | Lair:3   | Killed Jorgrun
 51041 | Shoals:4 | Entered Level 4 of the Shoals
 51050 | Shoals:3 | Found Livus's Antique Weapon Emporium.
 51212 | Shoals:3 | Found a white marble altar of Elyvilon.
 51522 | Shoals:3 | Killed from afar by a water nymph

Illustrated notes

Levels and vault maps discovered:
D:1:      dpeg_arrival_line_fractal, layout_basic, minmay_tetromino_l4
D:2:      layout_basic, ebering_ecumenical_altar_rust, kennysheep_jessica_study
D:3:      layout_rooms, mainiacjoe_overflow_catwalk, uniq_robin
D:4:      minmay_bubble_buster, layout_cave_pods, mainiacjoe_overflow_alcove_4,
          portal_sewer_entry_f
D:5:      layout_rooms, mainiacjoe_overflow_cross_hatched, minitemple,
          serial_glass, glass_columns_c, glass_columns_a, glass_columns_a,
          glass_columns_b, glass_columns_b, glass_columns_a,
          gup_ossuary_entry_pyramid
D:6:      layout_cave_pods, general_overflow_altar, st_stairs_9
D:7:      nzn_winding_woodlands_three_and_one [nzn_winding_woodlands_5x15_pool,
          nzn_winding_woodlands_5x15_pockets,
          nzn_winding_woodlands_5x15_longhouse,
          nzn_winding_woodlands_center_diamonds], layout_loops_ring,
          minmay_temple_entry_junction, serial_glass, glass_columns_a,
          glass_columns_b, glass_columns_a
D:8:      layout_rooms, lair_entry_dummy, serial_ice, serial_ice_l,
          serial_ice_d, serial_ice_m, serial_ice_o, serial_ice_h, serial_ice_a,
          serial_ice_f, uniq_psyche, uniq_grum
D:9:      minmay_angry_zag, layout_gridville, david_orc_3
D:10:     layout_irregular_city, chequers_serial_rivers_room_b,
          minmay_quadrilaterals
D:11:     wad_crossroads, layout_basic
D:12:     dpeg_index_elf_rogue_hall, layout_rooms, serial_shops,
          kennysheep_mini_moat
D:13:     layout_grid_maze, david_vaults_3
D:14:     layout_irregular_city, nicolae_tso_swordbearing_angel, serial_bayou,
          serial_bayou_lake_a, serial_bayou_pond_d, serial_bayou_pond_c,
          serial_bayou_pond_e
D:15:     hangedman_depths_entry_try_elsewhere_first, layout_small_grid
Lair:1:   layout_gridlike, infiniplex_staircase_pool_2, grunt_megastairs_4,
          lemuel_fruit_tree, serial_bayou_shore_b, uniq_joseph
Lair:2:   kb_forest_paths, layout_gridlike
Lair:3:   layout_loops_ring, shoals_dummy_entry, guppyfry_snake_entry_island,
          enter_volcano_1
Lair:4:   layout_long_grid, forest_entry_grove, lemuel_fruit_fields,
          infiniplex_staircase_pool, serial_bayou_shore_a, lemuel_fruit_fields
Lair:5:   cheibrodos_lair_end_hotspot, layout_gridlike, slime_entry_1
Shoals:1: layout_shoals, nicolae_shoals_lost_giant_temple, nicolae_tricolors,
          uniq_jorgrun
Shoals:2: layout_shoals
Shoals:3: layout_shoals, serial_shops, shop, wheals_shoals_ruined_temple
Shoals:4: shoals_end_grunt_garden, layout_shoals,
          minmay_shop_enchanted_jewellery
Snake:1:  layout_onion_interference, nicolae_snake_coiling_death, uniq_nikola,
          uniq_frances, uniq_roxanne
Snake:2:  layout_misc_corridors, serial_shops, nicolae_stop_n_shop_2
Snake:3:  nrook_guardian_serpent_snake_passage, layout_grid_maze
Snake:4:  johnstein_snake_rune_scales, layout_cave_town, minmay_shop_grove,
          uniq_vashnia, uniq_agnes, uniq_bai_suzhen
Orc:1:    layout_caves
Orc:2:    st_orc_elflike, layout_diamond_mine, basic_altar, special_room,
          serial_shops, nicolae_shop_dealshenge, gauntlet_entry_generic,
          nicolae_orc_lava_room

Skill      XL: |  1  2  3  4  5  6  7  8  9 10 11 12 13 14 15 16 17 18 |
---------------+-------------------------------------------------------+-----
Fighting       | 2 4 8 9 10 12 14 | 14.4
Unarmed Combat | 4 5 6 7 10 12 | 12.0
Shapeshifting  | 6 8 10 13 17 19 20 | 20.0
Shields        | 1 4 |  4.0
Dodging        | 5 6 7 12 | 12.0
Invocations    | 4 7 8 |  8.0
Ice Magic      | 2 7 |  7.1
Spellcasting   | 5 |  5.0
Stealth        | 6 9 |  9.0
Translocations | 6 |  6.1

Action                     |  1- 3 |  4- 6 |  7- 9 | 10-12 | 13-15 | 16-18 || total
---------------------------+-------+-------+-------+-------+-------+-------++-------
  Melee: Unarmed           |    68 |    84 |   372 |   380 |   660 |   768 ||  2332
         Constrict         |    20 |    13 |    74 |    61 |    94 |       ||   262
         Tentacles         |    12 |     5 |    80 |    81 |   161 |       ||   339
         Punch             |     1 |     1 |    18 |    24 |    64 |    70 ||   178
         Tailslap          |       |       |       |       |    13 |   116 ||   129
         Bite              |       |       |       |       |    10 |   110 ||   120
  Throw: Dart              |       |       |     4 |     3 |       |       ||     7
         Javelin           |       |       |     3 |       |       |       ||     3
   Cast: Ozocubu's Armour  |       |       |       |     2 |     8 |     5 ||    15
         Frozen Ramparts   |       |       |       |       |     4 |     1 ||     5
         Stone Arrow       |       |       |       |       |       |     4 ||     4
         Mephitic Cloud    |       |       |       |       |       |     1 ||     1
         Lesser Beckoning  |       |       |       |       |       |    36 ||    36
 Invoke: Slouch            |       |       |       |       |     5 |     7 ||    12
         Step From Time    |       |       |       |       |       |     2 ||     2
Ability: Breathe Fire      |       |       |       |       |       |     3 ||     3
  Evoke: Wand              |       |       |       |    17 |    16 |       ||    33
         Phantom mirror    |       |       |       |       |       |     1 ||     1
    Use: Potion            |       |     1 |     5 |     5 |     7 |    14 ||    32
         Scroll            |       |     1 |    11 |    10 |    12 |     9 ||    43
   Stab: Sleeping          |     6 |     2 |    15 |     6 |    18 |    13 ||    60
         Distracted        |       |       |     1 |       |     3 |     2 ||     6
         Confused          |       |       |       |       |       |     1 ||     1
 Armour: Skin              |    25 |    39 |   162 |   214 |   317 |   671 ||  1428
  Dodge: Dodged            |    37 |    45 |   132 |   258 |   768 |   990 ||  2230
  Block: Buckler           |       |       |    29 |    14 |       |       ||    43
   Form: Blade             |       |       |       |     1 |     1 |       ||     2
         Serpent           |       |       |       |       |     1 |       ||     1
         Dragon            |       |       |       |       |     1 |       ||     1
